 Dungeon Crawl Stone Soup version 0.22-a0-283-g1871b15 (webtiles) character file.

2340 Gorglomux the Blocker (level 9, -6/72 HPs)
             Began as a Formicid Fighter on Mar 19, 2018.
             Was a Priest of Okawaru.
             Killed by divine providence
             ... invoked by an orc priest
              (14 damage)
             ... on level 7 of the Dungeon.
             The game lasted 00:07:15 (5730 turns).

Gorglomux the Blocker (Formicid Fighter)            Turns: 5730, Time: 00:07:16

Health: -6/72      AC: 21    Str: 24    XL:     9   Next: 70%
Magic:  8/9        EV:  8    Int:  8    God:    Okawaru [***...]
Gold:   304        SH: 14    Dex: 16    Spells: 8/8 levels left

rFire    . . .     SeeInvis +   a - +0 war axe
rCold    . . .     Gourm    .   p - +2 shield
rNeg     . . .     Faith    .   z - +6 chain mail of the Unseen Realm {Dex+6}
rPois    +         Spirit   .   (helmet unavailable)
rElec    .         Reflect  .   y - +2 cloak
rCorr    .         Harm     .   i - +0 pair of gloves
MR       .....                  (no boots)
Stlth    ..........             (no amulet)
HPRegen  0.22/turn              x - ring of stealth
MPRegen  0.11/turn              o - ring of poison resistance

@: no status effects
A: permanent stasis, dig shafts and tunnels, four strong arms, antennae 3
a: Dig, Shaft Self, Heroism, Renounce Religion


You were on level 7 of the Dungeon.
You worshipped Okawaru.
Okawaru was most pleased with you.
You were not hungry.

You visited 1 branch of the dungeon, and saw 7 of its levels.
You also visited: Sewer.

You collected 304 gold pieces.

Inventory:

Hand Weapons
 a - a +0 war axe (weapon)
Armour
 i - a +0 pair of gloves (worn)
 p - a +2 shield (worn)
 y - a +2 cloak (worn)
 z - the +6 chain mail of the Unseen Realm (worn) {Dex+6}
   (You found it on level 4 of the Dungeon)

   It affects your dexterity (+6).
Jewellery
 o - a ring of poison resistance (right hand)
 x - a ring of stealth (left hand)
Wands
 E - a wand of enslavement (6)
Scrolls
 h - 3 scrolls of identify {unknown}
 k - 3 scrolls of magic mapping {unknown}
 r - a scroll of noise {unknown}
 s - 2 scrolls of teleportation {unknown}
 F - a scroll of random uselessness {unknown}
 G - a scroll of fog {unknown}
 H - 2 scrolls of blinking {unknown}
 T - a scroll of remove curse {unknown}
Potions
 d - 4 potions of might
 j - 4 potions of brilliance
 n - 2 potions of invisibility
 u - a potion of haste {unknown}
 v - a potion of agility
 w - a potion of magic {unknown}
 A - a potion of lignification {unknown}
 B - a potion of heal wounds {unknown}
 Q - 2 potions of curing
 S - a potion of ambrosia {unknown}
Comestibles
 f - 14 rations
 R - 8 chunks of flesh


   Skills:
 + Level 7.5 Fighting
 + Level 6.4 Axes
 + Level 7.5 Armour
 + Level 8.2 Shields


You had 8 spell levels left.
You didn't know any spells.

Dungeon Overview and Level Annotations

Branches:
Dungeon (7/15)             Temple (0/1) D:5

Altars:
Fedhas
Makhleb
Okawaru


Innate Abilities, Weirdness & Mutations

You cannot be hasted, slowed, berserked, paralysed or teleported.
You can dig through walls and to a lower floor.
Your four strong arms can wield two-handed weapons with a shield.
You have a pair of large antennae on your head. (SInv)


Message History

The orc priest invokes the aid of Beogh against you!
Beogh smites you!!!
You carve the orc butt like a ham!!!
You annihilate the orc priest!!!
Okawaru roars: ANNIHILATED!
Butt feel like a meek peon butt!
The orc priest calls down the butt of Beogh upon you!
Beogh smites you!!! * * * don't die
* * * You extend your mandibles!
You dig through the rock wall!
You dig through the rock wall!
You barely miss the orc! The orc closely misses you!
The orc hits you but does no damage!
You carve the orc like a ham!!!
You annihilate the orc!!!
Okawaru roars: ANNIHILATED!
The orc priest invokes the aid of Beogh against you!
Beogh smites you!!! rip

#. .# #.##.###
##...... ......
#.... ######## ...
.......# ###)#
######.# #.#@#.# #
#.# #.##[o# # #.#
#.###.# ######.# #.#
#.# .......# #.# #.#
.#####.# #.# #.# .#
#.#######.###.#
.#####.............#
.......####.########


You could see an orc priest.

Vanquished Creatures
  An orc warrior (D:7)
  2 phantoms
  The ghost of Rhok the Skirmisher, an amateur DsHu (D:3)
  3 ogres
  The ghost of wvc the Slasher, an amateur DrAr of Okawaru (D:4)
  3 centaurs
  3 big kobolds
  3 scorpions (D:6)
  3 wights (D:7)
  3 crimson imps
  3 hounds
  A centaur skeleton (D:7)
  An orc priest (D:7)
  4 orc wizards
  Natasha (thrice) (D:2)
  4 worker ants
  Robin (D:2)
  21 adders
  2 river rats (Sewer)
  2 oozes
  An adder skeleton (D:4)
  4 worms
  5 dart slugs
  6 leopard geckos
  16 orcs
  16 bats
  9 giant cockroaches
  18 goblins
  6 hobgoblins
  4 jackals (D:4)
  3 quokkas
  A ball python (Sewer)
  9 frilled lizards
  A jackal skeleton (D:4)
  13 kobolds
  6 rats
183 creatures vanquished.

Notes
Turn   | Place    | Note
-------+----------+-------------------------------------------
     0 | D:1      | Gorglomux the Formicid Fighter began the quest for the Orb.
     0 | D:1      | Reached XP level 1. HP: 18/18 MP: 1/1
   109 | D:1      | Reached XP level 2. HP: 23/24 MP: 2/2
   395 | D:1      | Reached XP level 3. HP: 28/29 MP: 3/3
   458 | D:1      | Reached skill level 4 in Shields
   629 | D:2      | Noticed Robin
   637 | D:2      | Killed Robin
   641 | D:2      | Reached XP level 4. HP: 18/37 MP: 4/4
  1280 | D:2      | Found an iron altar of Okawaru.
  1281 | D:2      | Found a burning altar of Makhleb.
  1281 | D:2      | Noticed Natasha
  1290 | D:2      | Killed Natasha
  1290 | D:2      | Reached XP level 5. HP: 35/42 MP: 5/5
  1296 | D:2      | Became a worshipper of Warmaster Okawaru
  1400 | D:2      | Reached skill level 3 in Axes
  1656 | D:2      | Noticed Natasha
  1668 | D:2      | Killed Natasha
  1678 | D:2      | Noticed Natasha
  1681 | D:2      | Killed Natasha
  1789 | D:3      | Reached XP level 6. HP: 41/49 MP: 6/6
  1964 | D:3      | Reached skill level 5 in Shields
  2512 | D:3      | Noticed Rhok's ghost (amateur DsHu)
  2519 | D:3      | Killed Rhok's ghost
  2519 | D:3      | Reached * piety under Okawaru
  2519 | D:3      | Reached XP level 7. HP: 47/56 MP: 7/7
  2818 | D:4      | Got an ichor-stained chain mail
  2829 | D:4      | Identified the +6 chain mail of the Unseen Realm {Dex+6} (You found it on level 4 of the Dungeon)
  3188 | D:4      | Noticed wvc's ghost (amateur DrAr)
  3207 | D:4      | Killed wvc's ghost
  3207 | D:4      | Reached skill level 6 in Shields
  3212 | D:4      | Reached XP level 8. HP: 54/63 MP: 5/8
  3413 | D:5      | Entered Level 5 of the Dungeon
  3543 | D:5      | Reached ** piety under Okawaru
  3800 | D:5      | Found a blossoming altar of Fedhas.
  3804 | D:5      | Reached skill level 6 in Armour
  3806 | D:5      | Reached skill level 6 in Fighting
  3835 | D:5      | Found a staircase to the Ecumenical Temple.
  4313 | D:6      | Got a crystal war axe
  4314 | D:6      | Identified the +0 war axe of the Hummingbird {holy, +Rage rF- MP+9} (You found it on level 6 of the Dungeon)
  4335 | D:6      | Found a glowing drain.
  4339 | Sewer    | Entered a sewer
  4514 | Sewer    | Reached skill level 7 in Shields
  4945 | D:6      | Reached XP level 9. HP: 71/71 MP: 9/9
  5236 | D:6      | Reached *** piety under Okawaru
  5499 | D:7      | Reached skill level 6 in Axes
  5588 | D:7      | Reached skill level 8 in Shields
  5730 | D:7      | Killed from afar by an orc priest

Vault maps used:
D:1:      lightli_arrival_statue_moat
D:2:      gammafunk_temple_overflow_pools, uniq_natasha, uniq_robin
D:3:      minmay_wonky_spiral, first_ration, minmay_misc_feat_more_columns
D:5:      fedhas_altar_fruit_tree, minmay_temple_entry_grid
D:6:      old_forge, gup_sewer_entry_bowl, minmay_misc_feat_encased
D:7:      the_bakery
Sewer:    sewer_co_15_rooms

Skill      XL: |  1  2  3  4  5  6  7  8  9 |
---------------+----------------------------+-----
Shields        | 4 5 6 7 8 |  8.2
Fighting       | 4 5 6 7 |  7.5
Armour         | 4 5 6 7 |  7.5
Axes           | 3 4 5 6 |  6.4

Action                   |  1- 3 |  4- 6 |  7- 9 || total
-------------------------+-------+-------+-------++-------
Melee: War axe           |    79 |   211 |   418 ||   708
Invok: Heroism           |       |       |     4 ||     4
 Abil: Dig               |     2 |       |     1 ||     3
  Use: Potion            |       |       |     4 ||     4
 Stab: Invisible         |       |       |     1 ||     1
  Eat: Chunk             |       |     6 |    11 ||    17
Armor: Scale mail        |    53 |    74 |     8 ||   135
       Chain mail        |       |       |   135 ||   135
Dodge: Dodged            |    36 |    51 |    88 ||   175
Block: Shield            |    59 |   155 |   270 ||   484

Table legend:
 A = Spawn XP
 B = Non-spawn XP
 C = Spawn XP percentage of total XP
 D = Spawn monster count
 E = Non-spawn monster count
 F = Spawn count percentage of total count
 G = Total turns spent on level
                    A         B        C        D         E        F      G
               +---------+---------+-------+---------+---------+-------+---------
         Total |       0 |    3343 |   0.0 |       0 |     183 |   0.0 |  5730
               +---------+---------+-------+---------+---------+-------+---------
           D:1 |       0 |      39 |   0.0 |       0 |      18 |   0.0 |   619
           D:2 |       0 |     206 |   0.0 |       0 |      38 |   0.0 |  1073
           D:3 |       0 |     325 |   0.0 |       0 |      30 |   0.0 |   845
           D:4 |       0 |     532 |   0.0 |       0 |      23 |   0.0 |   876
           D:5 |       0 |     401 |   0.0 |       0 |      11 |   0.0 |   755
           D:6 |       0 |     709 |   0.0 |       0 |      26 |   0.0 |   790
           D:7 |       0 |     828 |   0.0 |       0 |      17 |   0.0 |   260
         Sewer |       0 |     303 |   0.0 |       0 |      20 |   0.0 |   512
               +---------+---------+-------+---------+---------+-------+---------
